Match 36758037
Unlisted

Match 36758037
End
Kradschützen Motorcycle Team
Panzergrenadier Squad
Selects Armored Support Battlegroup
Construct Light Support Kompanie
Assault Grenadier Squad
250 Light Carrier
Construct Mechanized Kompanie
Combat Half-tracks
Support Armor Elements
Selects Superior Fire Drills
Selects Salvage Kits
StuG III D Assault Gun
Vehicle Survival Package
Panzerjäger Mechanized Group
Rapid Advance
Competitor
Sader
891064kan
BoneWise
0
0

Comments sign in to comment!

No comments posted yet!